 Dungeon Crawl Stone Soup version 0.30-a0-1160-g6e42c06551 (webtiles) character file.

Game seed: 8323392782765768052

202 CowFu the Slasher (level 5, 0/42 HPs)
             Began as a Demigod Fighter on Apr 26, 2023.
             Slain by a gnoll
             ... wielding a +0 spear
             ... led by a gnoll bouda
              (1 damage)
             ... on level 4 of the Dungeon.
             The game lasted 00:02:55 (1122 turns).

CowFu the Slasher (Demigod Fighter)                 Turns: 1122, Time: 00:02:55

Health: 0/42       AC:  6    Str: 19 (21) XL:     5   Next: 25%
Magic:  0/7        EV:  9    Int:  7 (10) God:
Gold:   85         SH:  4    Dex: 12 (13) Spells: 4/4 levels left

rFire   . . .        a - +0 long sword
rCold   . . .        c - +0 buckler
rNeg    . . .        k - +0 scale mail
rPois   .            (no helmet)
rElec   .            (no cloak)
rCorr   .            (no gloves)
SInv    .            (no boots)
Will    .....        j - amulet of guardian spirit Stlth
                     (no ring)
HPRegen 0.27/turn    (no ring)
MPRegen 0.10/turn

%: guardian spirit
@: flying
A: high MP 1, forlorn, divine attributes
a: no special abilities


You were on level 4 of the Dungeon.
You visited 1 branch of the dungeon, and saw 4 of its levels.

You collected 85 gold pieces.

Inventory:

Hand Weapons
 a - a +0 long sword (weapon)
 b - a +0 rapier
Armour
 c - a +0 buckler (worn)
 k - a +0 scale mail (worn)
Jewellery
 j - an amulet of guardian spirit (around neck)
 n - a ring of ice
Scrolls
 e - a scroll of identify
 h - a scroll of immolation
 l - a scroll of noise


   Skills:
 - Level 2.6 Fighting
 + Level 5.3 Long Blades
 - Level 2.6 Armour
 - Level 2.6 Shields


You had 4 spell levels left.
You didn't know any spells.
Your spell library contained the following spells:

 Spells                   Type           Power      Damage    Failure   Level
 Sublimation of Blood     Necr           0%         N/A       95%         2
 Wereblood                Tmut           0%         N/A       95%         2
 Summon Hydra             Summ           0%         N/A       100%        7


Dungeon Overview and Level Annotations

Branches:
Dungeon (4/15)
 Temple: D:4-7

Shops:
D:1 ((


Innate Abilities, Weirdness & Mutations

You have an increased reservoir of magic. (+10% MP)
You shall have no god before yourself.
Your divine heritage dramatically boosts your attributes as you level up.


Message History

Your +0 scale mail unmelds from your body.
The iguana barely misses you.
You hit the iguana but do no damage.
The iguana is heavily wounded.
The iguana bites you.
You slash the iguana!
The iguana is severely wounded.
The iguana barely misses you. The iguana closely misses you.
You barely miss the iguana.
The iguana is severely wounded.
The gnoll is no longer moving quickly.
The iguana barely misses you.
You barely miss the iguana.
The iguana is severely wounded.
The iguana bites you.
* * * LOW HITPOINT WARNING * * *
You hit the iguana.
The iguana is almost dead.
The gnoll is no longer moving quickly.
You block the iguana's attack.
You hit the iguana but do no damage.
The iguana is almost dead.
The iguana bites you!
* * * LOW HITPOINT WARNING * * *
You completely miss the iguana.
The iguana is almost dead.
The iguana barely misses you.
The iguana bites you but does no damage.
You slash the iguana!
You kill the iguana!
You barely miss the gnoll. The gnoll barely misses you.
It was a potion of degeneration.
There was something very wrong with that liquid.
You feel weakened.
You feel dopey.
You feel clumsy. The gnoll hits you with a +0 flail!
* * * LOW HITPOINT WARNING * * *
The gnoll barely misses you.
It was a potion of flight.
You feel very buoyant.
You fly up into the air.
The gnoll barely misses you.
The gnoll hits you from afar with a +0 spear.
You die...

#._.#.+##+.#.#
#.
#..g#l#..###.#
#. +..gg)#..#
#.# #.
+###'###'..+ ..#
#. #.......#..#
..# #.
#......g#l.###)#
#.
+###+###'###...#
#.
##.###[###...##
##.
#.....gg)@....#
#.<
......####g###.#
#.† ##..+# ###
#.. ## #.. ....
##.. ##. #.


You could see 3 gnolls.

Vanquished Creatures
  A scorpion (D:4)
  A hound (D:4)
  An iguana (D:4)
  A gnoll bouda (D:4)
  A gnoll (D:4)
  2 adders
  An adder skeleton (D:2)
  A worm (D:3)
  3 endoplasms (D:1)
  2 giant cockroaches
  A goblin (D:1)
  3 hobgoblins
  3 ball pythons
  A ball python skeleton (D:2)
  2 frilled lizards
  4 kobolds
  A quokka zombie (D:2)
29 creatures vanquished.

Notes
Turn   | Place    | Note
-------+----------+-------------------------------------------
     0 | D:1      | CowFu the Demigod Fighter began the quest for the Orb.
     0 | D:1      | Reached XP level 1. HP: 18/18 MP: 3/3
    20 | D:1      | Reached skill level 2 in Long Blades
   106 | D:1      | Found Voce's Antique Weapon Emporium.
   369 | D:1      | Found Beasm's Antique Weapon Emporium.
   480 | D:1      | Reached XP level 2. HP: 23/25 MP: 4/4
   711 | D:2      | You fall into a shaft and drop 1 floor!
   727 | D:3      | Reached skill level 3 in Long Blades
   863 | D:4      | Reached XP level 3. HP: 8/30 MP: 2/5
   874 | D:4      | Noticed a scorpion
   881 | D:4      | Killed a scorpion
   882 | D:4      | Reached skill level 4 in Long Blades
   882 | D:4      | Reached XP level 4. HP: 22/37 MP: 2/6
  1108 | D:4      | Reached skill level 5 in Long Blades
  1108 | D:4      | Reached XP level 5. HP: 29/42 MP: 3/7
  1121 | D:4      | HP: 1/42 [gnoll/+0 flail[a gnoll bouda] (5)]
  1122 | D:4      | Slain by a gnoll

Illustrated notes

Levels and vault maps discovered:
D:1:      ncdulo_lavacross, layout_basic,
          hellmonk_ecumenical_altar_slurped_away, serial_shops, shop,
          nicolae_shop_just_a_little_nook
D:2:      layout_basic, serial_undead, serial_undead_f, serial_undead_a,
          serial_undead_f, serial_undead_c, serial_undead_e, serial_undead_e,
          serial_undead_d, serial_undead_b, serial_undead_d, serial_undead_d,
          basic_altar, minmay_octomino_e4, uniq_sigmund, uniq_robin,
          uniq_natasha
D:3:      layout_basic, jmf_multi_god_temple2
D:4:      layout_loops_ring, mainiacjoe_overflow_24_doors, jmf_multi_god_temple,
          gup_sewer_entry_bowl, uniq_duvessa

Skill      XL: |  1  2  3  4 |
---------------+-------------+-----
Long Blades    | 2 3 4 5 |  5.3
Fighting       | |  2.6
Armour         | |  2.6
Shields        | |  2.6

Action                     |  1- 3 |  4- 6 || total
---------------------------+-------+-------++-------
  Melee: Long sword        |    76 |    69 ||   145
    Use: Scroll            |     4 |       ||     4
         Potion            |     2 |     5 ||     7
 Armour: Scale mail        |    45 |    22 ||    67
         Skin              |       |     8 ||     8
  Dodge: Dodged            |    35 |    35 ||    70
  Block: Buckler           |    16 |    21 ||    37

Table legend: (Time is in decaauts)
 A = Elapsed time spent in this place.
 B = Non-inter-level travel time spent in this place.
 C = Inter-level travel time spent in this place.
 D = Time resting spent in this place.
 E = Time spent auto-exploring this place.
 F = Levels seen in this place.
 G = Mean time per level.
                   A        B        C        D        E       F      G
               +--------+--------+--------+--------+--------+-----+--------+
         Total |   1157 |   1135 |     22 |      0 |    669 |   4 |  289.2 |
       Dungeon |   1157 |   1135 |     22 |      0 |    669 |   4 |  289.2 |
               +--------+--------+--------+--------+--------+-----+--------+

Top non-repeatable levels by time:
     D:1: 614 daAuts
     D:4: 283 daAuts
     D:3: 149 daAuts
     D:2: 110 daAuts
